| TOP OF THE 1ST |
|
San Diego (APP) Padres batting - Pitching for Billings Mustangs : RHP Joe Green
|
|
Pitching: RHP Joe Green
|
|
|
Batting: RHB Elias Vences
|
0-0: Called Strike 0-1: Ball 1-1: Ball 2-1: Foul Ball, location: 2F 2-2: Ground out 6-3 (Groundball, 56, EV 87.5 MPH)
|
|
Batting: RHB Aaron Joseph
|
0-0: Ball 1-0: Ball 2-0: Fly out, F9 (Flyball, 89M, EV 93.1 MPH)
|
|
Batting: LHB Carlos Cuellar
|
0-0: Foul Ball, location: 2F 0-1: Ball 1-1: Ball 2-1: DOUBLE (Line Drive, 78D, EV 107.5 MPH)
|
|
Batting: RHB Bryan Pitcher
|
0-0: Called Strike 0-1: SINGLE (Groundball, 56D, EV 96.9 MPH) Carlos Cuellar to third Runner from 3rd tries for Home, SAFE, throw by LF to home
|
|
Batting: SHB Isaiah Scates
|
0-0: Ball 1-0: Foul Ball, location: 2F 1-1: Ball 2-1: Called Strike 2-2: Foul Ball, location: 2F 2-2: Strikes out swinging
|
| Top of the 1st over - 1 run, 2 hits, 0 errors, 1 left on base; San Diego (APP) 1 - Billings 0 |
| BOTTOM OF THE 1ST |
|
Billings Mustangs batting - Pitching for San Diego (APP) Padres : LHP Bill Hussey
|
|
Pitching: LHP Bill Hussey
|
|
|
Batting: LHB Jeremy Robertson
|
0-0: Swinging Strike 0-1: Fly out, F8 (Flyball, 89M, EV 91.2 MPH)
|
|
Batting: SHB David Garnica
|
0-0: Ball 1-0: Called Strike 1-1: Called Strike 1-2: Ball 2-2: Strikes out swinging
|
|
Batting: RHB Jake Savell
|
0-0: Ball 1-0: Called Strike 1-1: Ball 2-1: Ball 3-1: SOLO HOME RUN (Flyball, 7D, EV 93.8 MPH), Distance : 359 ft
|
|
Batting: SHB Kristian Kristensen
|
0-0: Foul Ball, location: 2F 0-1: Called Strike 0-2: Foul Ball, location: 2F 0-2: Ball 1-2: Foul Ball, location: 2F 1-2: Ball 2-2: Foul Ball, location: 2F 2-2: Ball 3-2: Ground out 6-3 (Groundball, 6M, EV 85.6 MPH)
|
| Bottom of the 1st over - 1 run, 1 hit, 0 errors, 0 left on base; San Diego (APP) 1 - Billings 1 |
| TOP OF THE 2ND |
|
San Diego (APP) Padres batting - Pitching for Billings Mustangs : RHP Joe Green
|
|
Batting: LHB Conor Barron
|
0-0: Ball 1-0: Called Strike 1-1: SINGLE (Line Drive, 34D, EV 98.1 MPH)
|
|
Batting: RHB Max Stillo
|
0-0: Ball 1-0: SINGLE (Line Drive, 9S, EV 103.1 MPH) Conor Barron to second
|
|
Batting: RHB Brian Klinkner
|
0-0: Ball 1-0: Ball 2-0: Swinging Strike 2-1: Foul Ball, location: 2F 2-2: Strikes out swinging
|
|
Batting: RHB Hugo Montemayor
|
0-0: Called Strike 0-1: Fly out, F4 (Popup, 4M, EV 64.4 MPH)
|
|
Batting: RHB Elias Vences
|
0-0: Called Strike 0-1: Foul Ball, location: 2F 0-2: Strikes out swinging
|
| Top of the 2nd over - 0 runs, 2 hits, 0 errors, 2 left on base; San Diego (APP) 1 - Billings 1 |
| BOTTOM OF THE 2ND |
|
Billings Mustangs batting - Pitching for San Diego (APP) Padres : LHP Bill Hussey
|
|
Batting: LHB Matt Kennedy
|
0-0: Ball 1-0: Fly out, F7 (Line Drive, 78M, EV 93.8 MPH)
|
|
Batting: RHB Sang-ton Pak
|
0-0: Swinging Strike 0-1: Called Strike 0-2: Ball 1-2: Ball 2-2: Ball 3-2: Fly out, F3 (Line Drive, 3, EV 65.0 MPH)
|
|
Batting: RHB Yutaka Sato
|
0-0: Ball 1-0: Called Strike 1-1: Swinging Strike 1-2: Ground out 5-3 (Groundball, 56, EV 80.0 MPH)
|
| Bottom of the 2nd over - 0 runs, 0 hits, 0 errors, 0 left on base; San Diego (APP) 1 - Billings 1 |
| TOP OF THE 3RD |
|
San Diego (APP) Padres batting - Pitching for Billings Mustangs : RHP Joe Green
|
|
Batting: RHB Aaron Joseph
|
0-0: Called Strike 0-1: Ball 1-1: Foul Ball, location: 2F 1-2: Ball 2-2: Fly out, F4 (Popup, 4M, EV 49.4 MPH)
|
|
Batting: LHB Carlos Cuellar
|
0-0: Ball 1-0: Foul Ball, location: 2F 1-1: Swinging Strike 1-2: Ball 2-2: Reached on error, E4 (Groundball, 4, EV 84.4 MPH)
|
|
Batting: RHB Bryan Pitcher
|
0-0: Ball 1-0: SINGLE (Flyball, 3D, EV 93.1 MPH) Carlos Cuellar to third
|
|
Batting: SHB Isaiah Scates
|
0-0: Called Strike 0-1: Ball 1-1: Called Strike 1-2: Ball 2-2: Ball 3-2: Strikes out swinging
|
|
Batting: LHB Conor Barron
|
0-0: 3-RUN HOME RUN (Flyball, 9D, EV 100.0 MPH), Distance : 383 ft
|
|
Batting: RHB Max Stillo
|
0-0: Ball 1-0: SOLO HOME RUN (Flyball, 7D, EV 94.4 MPH), Distance : 369 ft
|
|
Batting: RHB Brian Klinkner
|
0-0: SINGLE (Groundball, 3D, EV 103.1 MPH)
|
|
Batting: RHB Hugo Montemayor
|
0-0: Foul Ball, location: 2F 0-1: Ball 1-1: Swinging Strike 1-2: Strikes out swinging
|
| Top of the 3rd over - 4 runs, 4 hits, 1 error, 1 left on base; San Diego (APP) 5 - Billings 1 |
| BOTTOM OF THE 3RD |
|
Billings Mustangs batting - Pitching for San Diego (APP) Padres : LHP Bill Hussey
|
|
Batting: LHB Armando Arellano
|
0-0: Called Strike 0-1: Swinging Strike 0-2: Ball 1-2: Foul Ball, location: 2F 1-2: Foul Ball, location: 2F 1-2: Foul Ball, location: 2F 1-2: Ball 2-2: Ball 3-2: Strikes out swinging
|
|
Batting: SHB Gustavo Froio
|
0-0: Ball 1-0: Ball 2-0: Foul Ball, location: 2F 2-1: Ball 3-1: Swinging Strike 3-2: Foul Ball, location: 2F 3-2: Strikes out swinging
|
|
Batting: LHB Jeremy Robertson
|
0-0: Called Strike 0-1: Foul Ball, location: 2F 0-2: Foul Ball, location: 2F 0-2: Ball 1-2: Ball 2-2: Strikes out swinging
|
| Bottom of the 3rd over - 0 runs, 0 hits, 0 errors, 0 left on base; San Diego (APP) 5 - Billings 1 |
| TOP OF THE 4TH |
|
San Diego (APP) Padres batting - Pitching for Billings Mustangs : RHP Joe Green
|
|
Pitching: RHP Mario Gomez
|
|
|
Batting: RHB Elias Vences
|
0-0: Ball 1-0: Ball 2-0: Ball 3-0: Base on Balls
|
|
Batting: RHB Aaron Joseph
|
0-0: Ball 1-0: Ball 2-0: Grounds into double play, 6-4-3 (Groundball, 6, EV 85.6 MPH)
|
|
Batting: LHB Carlos Cuellar
|
0-0: Called Strike 0-1: Ball 1-1: DOUBLE (Line Drive, 89D, EV 103.8 MPH)
|
|
Batting: RHB Bryan Pitcher
|
0-0: Foul Ball, location: 2F 0-1: Ball 1-1: Fly out, F8 (Flyball, 8LD, EV 103.8 MPH)
|
| Top of the 4th over - 0 runs, 1 hit, 0 errors, 1 left on base; San Diego (APP) 5 - Billings 1 |
| BOTTOM OF THE 4TH |
|
Billings Mustangs batting - Pitching for San Diego (APP) Padres : LHP Bill Hussey
|
|
Batting: SHB David Garnica
|
0-0: Called Strike 0-1: Ball 1-1: Foul Ball, location: 2F 1-2: Fly out, F9 (Flyball, 89S, EV 79.4 MPH)
|
|
Batting: RHB Jake Savell
|
0-0: Foul Ball, location: 2F 0-1: DOUBLE (Line Drive, 9LM, EV 106.9 MPH)
|
|
Batting: SHB Kristian Kristensen
|
0-0: Swinging Strike 0-1: Foul Ball, location: 2F 0-2: Ball 1-2: Ball Wild Pitch! Jake Savell to third 2-2: Foul Ball, location: 2F 2-2: Ball 3-2: Ground out 4-3 (Groundball, 4, EV 108.8 MPH) Jake Savell scores
|
|
Batting: LHB Matt Kennedy
|
0-0: Called Strike 0-1: Foul Ball, location: 2F 0-2: Ground out 6-3 (Groundball, 56, EV 103.8 MPH)
|
| Bottom of the 4th over - 1 run, 1 hit, 0 errors, 0 left on base; San Diego (APP) 5 - Billings 2 |
| TOP OF THE 5TH |
|
San Diego (APP) Padres batting - Pitching for Billings Mustangs : RHP Mario Gomez
|
|
Batting: SHB Isaiah Scates
|
0-0: Ball 1-0: Foul Ball, location: 2F 1-1: Ball 2-1: Called Strike 2-2: Ball 3-2: Fly out, F8 (Flyball, 8RM, EV 81.9 MPH)
|
|
Batting: LHB Conor Barron
|
0-0: Called Strike 0-1: Ball 1-1: Ball 2-1: Ball 3-1: Base on Balls
|
|
Batting: RHB Max Stillo
|
0-0: Swinging Strike 0-1: Ball 1-1: Called Strike 1-2: Hit by Pitch Conor Barron to second
|
|
Batting: RHB Brian Klinkner
|
0-0: Called Strike 0-1: Grounds into double play, 6-4-3 (Groundball, 6M, EV 83.8 MPH)
|
| Top of the 5th over - 0 runs, 0 hits, 0 errors, 1 left on base; San Diego (APP) 5 - Billings 2 |
| BOTTOM OF THE 5TH |
|
Billings Mustangs batting - Pitching for San Diego (APP) Padres : LHP Bill Hussey
|
|
Batting: RHB Sang-ton Pak
|
0-0: Foul Ball, location: 2F 0-1: Foul Ball, location: 2F 0-2: Ball 1-2: Ball 2-2: Ball 3-2: Strikes out swinging
|
|
Pitching: RHP Eric Busby
|
|
|
Batting: RHB Yutaka Sato
|
0-0: Ball 1-0: Foul Ball, location: 2F 1-1: Ball 2-1: Swinging Strike 2-2: Strikes out looking
|
|
Batting: LHB Armando Arellano
|
0-0: Ball 1-0: Swinging Strike 1-1: Foul Ball, location: 2F 1-2: Foul Ball, location: 2F 1-2: Ball 2-2: SINGLE (Line Drive, 3D, EV 109.4 MPH)
|
|
Batting: SHB Gustavo Froio
|
0-0: Ball 1-0: Called Strike 1-1: Called Strike 1-2: Foul Ball, location: 2F 1-2: Strikes out swinging
|
| Bottom of the 5th over - 0 runs, 1 hit, 0 errors, 1 left on base; San Diego (APP) 5 - Billings 2 |
| TOP OF THE 6TH |
|
San Diego (APP) Padres batting - Pitching for Billings Mustangs : RHP Mario Gomez
|
|
Batting: RHB Hugo Montemayor
|
0-0: Ball 1-0: Ground out 5-3 (Groundball, 56, EV 86.9 MPH)
|
|
Batting: RHB Elias Vences
|
0-0: Ball 1-0: Foul Ball, location: 2F 1-1: Ball 2-1: Ball 3-1: Ground out 4-3 (Groundball, 13, EV 76.2 MPH)
|
|
Batting: RHB Aaron Joseph
|
0-0: Called Strike 0-1: SOLO HOME RUN (Flyball, 78XD, EV 100.0 MPH), Distance : 385 ft
|
|
Batting: LHB Carlos Cuellar
|
0-0: Foul Ball, location: 2F 0-1: Ball 1-1: Ball 2-1: Fly out, F2 (Popup, 25F, EV 86.2 MPH)
|
| Top of the 6th over - 1 run, 1 hit, 0 errors, 0 left on base; San Diego (APP) 6 - Billings 2 |
| BOTTOM OF THE 6TH |
|
Billings Mustangs batting - Pitching for San Diego (APP) Padres : RHP Eric Busby
|
|
Batting: LHB Jeremy Robertson
|
0-0: Ball 1-0: Foul Ball, location: 2F 1-1: Foul Ball, location: 2F 1-2: Strikes out swinging
|
|
Batting: SHB David Garnica
|
0-0: Swinging Strike 0-1: Ball 1-1: Swinging Strike 1-2: Strikes out swinging
|
|
Batting: RHB Jake Savell
|
0-0: Ball 1-0: Called Strike 1-1: Swinging Strike 1-2: Ground out 3-1 (Groundball, 34S, EV 79.4 MPH)
|
| Bottom of the 6th over - 0 runs, 0 hits, 0 errors, 0 left on base; San Diego (APP) 6 - Billings 2 |
| TOP OF THE 7TH |
|
San Diego (APP) Padres batting - Pitching for Billings Mustangs : RHP Mario Gomez
|
|
Batting: RHB Bryan Pitcher
|
0-0: Called Strike 0-1: Called Strike 0-2: Foul Ball, location: 2F 0-2: Ball 1-2: SINGLE (Line Drive, 8LS, EV 107.5 MPH)
|
|
Batting: SHB Isaiah Scates
|
0-0: Ball 1-0: Ball 2-0: Called Strike 2-1: Foul Ball, location: 2F 2-2: 2-RUN HOME RUN (Flyball, 89XD, EV 101.9 MPH), Distance : 400 ft
|
|
Batting: LHB Conor Barron
|
0-0: Ball 1-0: Ball 2-0: Foul Ball, location: 2F 2-1: Foul Ball, location: 2F 2-2: SOLO HOME RUN (Flyball, 9D, EV 100.6 MPH), Distance : 389 ft
|
|
Batting: RHB Max Stillo
|
0-0: SINGLE (Line Drive, 9S, EV 87.5 MPH)
|
|
Batting: RHB Brian Klinkner
|
0-0: Ball Max Stillo steals 2nd base 1-0: Ball Wild Pitch! Max Stillo to third 2-0: Called Strike 2-1: Foul Ball, location: 2F 2-2: Ball 3-2: Base on Balls
|
|
Pitching: RHP Andy Bachman
|
|
|
Batting: RHB Hugo Montemayor
|
0-0: Grounds into double play, 5-4-3 (Groundball, 56, EV 83.1 MPH) Max Stillo scores
|
|
Batting: RHB Elias Vences
|
0-0: Called Strike 0-1: Fly out, F7 (Flyball, 7D, EV 101.9 MPH)
|
| Top of the 7th over - 4 runs, 4 hits, 0 errors, 0 left on base; San Diego (APP) 10 - Billings 2 |
| BOTTOM OF THE 7TH |
|
Billings Mustangs batting - Pitching for San Diego (APP) Padres : RHP Eric Busby
|
|
Batting: SHB Kristian Kristensen
|
0-0: Called Strike 0-1: Called Strike 0-2: Ball 1-2: Foul Ball, location: 2F 1-2: Ball 2-2: DOUBLE (Line Drive, 78M, EV 105.6 MPH)
|
|
Pitching: RHP Mason Broderick
|
|
|
Batting: LHB Matt Kennedy
|
0-0: Ball 1-0: Swinging Strike 1-1: Foul Ball, location: 2F 1-2: Ball 2-2: Foul Ball, location: 2F 2-2: Foul Ball, location: 2F 2-2: Foul Ball, location: 2F 2-2: Ball 3-2: Base on Balls
|
|
Batting: RHB Sang-ton Pak
|
0-0: Ball 1-0: Ball 2-0: 3-RUN HOME RUN (Flyball, 9D, EV 98.1 MPH), Distance : 391 ft
|
|
Batting: RHB Yutaka Sato
|
0-0: Ball 1-0: Ball 2-0: Ball 3-0: Base on Balls
|
|
Batting: LHB Armando Arellano
|
0-0: SINGLE (Groundball, 56D, EV 105.6 MPH) Yutaka Sato to second
|
|
Batting: SHB Gustavo Froio
|
0-0: Ball 1-0: Ball 2-0: Foul Ball, location: 2F 2-1: Foul Ball, location: 2F 2-2: Ball 3-2: Foul Ball, location: 2F 3-2: Strikes out looking
|
|
Batting: LHB Jeremy Robertson
|
0-0: Foul Ball, location: 2F 0-1: 3-RUN HOME RUN (Flyball, 9LD, EV 95.6 MPH), Distance : 364 ft
|
|
Pitching: RHP Mike Swenson
|
|
|
Batting: SHB David Garnica
|
0-0: Called Strike 0-1: Ball 1-1: SINGLE (Groundball, 34D, EV 95.6 MPH)
|
|
Batting: RHB Jake Savell
|
0-0: Called Strike 0-1: Ball 1-1: Ball 2-1: Foul Ball, location: 2F 2-2: SINGLE (Groundball, 56D, EV 96.9 MPH) David Garnica to second David Garnica to third
|
|
Batting: SHB Kristian Kristensen
|
0-0: Foul Ball, location: 2F 0-1: Ball 1-1: Ball 2-1: Fielders Choice at 2nd, 4-6 (Groundball, 4, EV 85.0 MPH) David Garnica scores
|
|
Batting: LHB Matt Kennedy
|
0-0: Foul Ball, location: 2F 0-1: Foul Ball, location: 2F 0-2: Ball 1-2: Ball 2-2: Ball 3-2: Strikes out swinging
|
| Bottom of the 7th over - 7 runs, 6 hits, 0 errors, 1 left on base; San Diego (APP) 10 - Billings 9 |
| TOP OF THE 8TH |
|
San Diego (APP) Padres batting - Pitching for Billings Mustangs : RHP Andy Bachman
|
|
Batting: RHB Aaron Joseph
|
0-0: Called Strike 0-1: Ball 1-1: Ball 2-1: Swinging Strike 2-2: Foul Ball, location: 2F 2-2: SINGLE (Flyball, 89S, EV 95.6 MPH)
|
|
Batting: LHB Carlos Cuellar
|
0-0: Swinging Strike 0-1: Swinging Strike 0-2: Ball 1-2: Foul Ball, location: 2F 1-2: Foul Ball, location: 2F 1-2: Grounds into double play, 2-4-3 (Groundball, 2L, EV 71.9 MPH)
|
|
Batting: RHB Bryan Pitcher
|
0-0: Foul Ball, location: 2F 0-1: Ground out U3 (Groundball, 3, EV 105.0 MPH)
|
| Top of the 8th over - 0 runs, 1 hit, 0 errors, 0 left on base; San Diego (APP) 10 - Billings 9 |
| BOTTOM OF THE 8TH |
|
Billings Mustangs batting - Pitching for San Diego (APP) Padres : RHP Mike Swenson
|
|
Pitching: LHP Ismael Diaz
|
|
|
Batting: RHB Sang-ton Pak
|
0-0: Called Strike 0-1: Ball 1-1: Foul Ball, location: 2F 1-2: Foul Ball, location: 2F 1-2: Foul Ball, location: 2F 1-2: Strikes out swinging
|
|
Batting: RHB Yutaka Sato
|
0-0: Swinging Strike 0-1: Ball 1-1: Foul Ball, location: 2F 1-2: Ball 2-2: Strikes out looking
|
|
Pinch Hitting: RHB Chris Christaldi
|
0-0: Called Strike 0-1: Ball 1-1: Foul Ball, location: 2F 1-2: Strikes out swinging
|
| Bottom of the 8th over - 0 runs, 0 hits, 0 errors, 0 left on base; San Diego (APP) 10 - Billings 9 |
| TOP OF THE 9TH |
|
San Diego (APP) Padres batting - Pitching for Billings Mustangs : RHP Andy Bachman
|
|
Now in RF: Brian Dickeson
|
|
|
Batting: SHB Isaiah Scates
|
0-0: Swinging Strike 0-1: Foul Ball, location: 2F 0-2: Strikes out swinging
|
|
Batting: LHB Conor Barron
|
0-0: Ball 1-0: Ball 2-0: Ball 3-0: Called Strike 3-1: Fly out, F8 (Flyball, 8RM, EV 88.1 MPH)
|
|
Batting: RHB Max Stillo
|
0-0: Ball 1-0: Ball 2-0: Foul Ball, location: 2F 2-1: Ball 3-1: Base on Balls
|
|
Batting: RHB Brian Klinkner
|
0-0: Ball 1-0: Ball Max Stillo is caught stealing 2nd base 2-4
|
| Top of the 9th over - 0 runs, 0 hits, 0 errors, 0 left on base; San Diego (APP) 10 - Billings 9 |
| BOTTOM OF THE 9TH |
|
Billings Mustangs batting - Pitching for San Diego (APP) Padres : LHP Ismael Diaz
|
|
Batting: SHB Gustavo Froio
|
0-0: Called Strike 0-1: Ball 1-1: Swinging Strike 1-2: Strikes out swinging
|
|
Batting: LHB Jeremy Robertson
|
0-0: Called Strike 0-1: Ground out U3 (Groundball, 34, EV 83.1 MPH)
|
|
Batting: SHB David Garnica
|
0-0: SOLO HOME RUN (Flyball, 7D, EV 100.6 MPH), Distance : 400 ft
|
|
Batting: RHB Jake Savell
|
0-0: Foul Ball, location: 2F 0-1: Ball 1-1: Fly out, F9 (Flyball, 9D, EV 88.8 MPH)
|
| Bottom of the 9th over - 1 run, 1 hit, 0 errors, 0 left on base; San Diego (APP) 10 - Billings 10 |
| TOP OF THE 10TH |
|
San Diego (APP) Padres batting - Pitching for Billings Mustangs : RHP Andy Bachman
|
|
Batting: RHB Brian Klinkner
|
0-0: Called Strike 0-1: Ball 1-1: Ball 2-1: Foul Ball, location: 2F 2-2: Strikes out swinging
|
|
Pinch Hitting: RHB Mike MacLeod
|
0-0: Called Strike 0-1: Ball 1-1: Ball 2-1: SOLO HOME RUN (Flyball, 7D, EV 98.8 MPH), Distance : 371 ft
|
|
Batting: RHB Elias Vences
|
0-0: Ball 1-0: Foul Ball, location: 2F 1-1: SOLO HOME RUN (Flyball, 89XD, EV 108.1 MPH), Distance : 409 ft
|
|
Batting: RHB Aaron Joseph
|
0-0: Called Strike 0-1: Ball 1-1: SOLO HOME RUN (Flyball, 7LD, EV 96.2 MPH), Distance : 334 ft
|
|
Batting: LHB Carlos Cuellar
|
0-0: Ball 1-0: Ball 2-0: Ball 3-0: Called Strike 3-1: Called Strike 3-2: Base on Balls
|
|
Batting: RHB Bryan Pitcher
|
0-0: Called Strike 0-1: Ball 1-1: Ball Wild Pitch! Carlos Cuellar to second 2-1: Foul Ball, location: 2F 2-2: Ball 3-2: Base on Balls
|
|
Batting: SHB Isaiah Scates
|
0-0: 3-RUN HOME RUN (Line Drive, 7LD, EV 100.0 MPH), Distance : 357 ft
|
|
Batting: LHB Conor Barron
|
0-0: Foul Ball, location: 2F 0-1: Called Strike 0-2: Ball 1-2: Ball 2-2: Foul Ball, location: 2F 2-2: Ball 3-2: Base on Balls
|
|
Pitching: LHP Fred Barbour
|
|
|
Batting: RHB Max Stillo
|
0-0: Ball 1-0: Ball 2-0: Hit by Pitch Conor Barron to second
|
|
Pinch Runner at 1st Adrian Cook:
|
|
|
Batting: RHB Brian Klinkner
|
0-0: Ball Wild Pitch! Conor Barron to third Adrian Cook to second 1-0: Ball 2-0: Called Strike 2-1: Ball 3-1: Foul Ball, location: 2F 3-2: Ground out 6-3 (Groundball, 6M, EV 88.8 MPH) Conor Barron scores Adrian Cook to third
|
|
Batting: RHB Mike MacLeod
|
0-0: Ball 1-0: Ball 2-0: Ball 3-0: Base on Balls
|
|
Batting: RHB Elias Vences
|
0-0: Called Strike 0-1: Ball 1-1: Swinging Strike 1-2: Ball 2-2: Ball 3-2: Base on Balls Mike MacLeod to second
|
|
Batting: RHB Aaron Joseph
|
0-0: Ball 1-0: Ball 2-0: Called Strike 2-1: Ball 3-1: Called Strike 3-2: Foul Ball, location: 2F 3-2: Base on Balls Adrian Cook scores Mike MacLeod to third Elias Vences to second
|
|
Batting: LHB Carlos Cuellar
|
0-0: Called Strike 0-1: Foul Ball, location: 2F 0-2: SINGLE (Groundball, 56D, EV 95.0 MPH) Mike MacLeod scores Elias Vences to third Aaron Joseph to second Runner from 3rd tries for Home, SAFE, throw by LF to home
|
|
Batting: RHB Bryan Pitcher
|
0-0: Swinging Strike 0-1: Ball 1-1: Ball 2-1: Foul Ball, location: 2F 2-2: Ball 3-2: Foul Ball, location: 2F 3-2: Foul Ball, location: 2F 3-2: Base on Balls Aaron Joseph to third Carlos Cuellar to second
|
|
Batting: SHB Isaiah Scates
|
0-0: Called Strike 0-1: GRAND SLAM HOME RUN (Flyball, 7LD, EV 91.2 MPH), Distance : 354 ft
|
|
Pitching: RHP Elijah Benton
|
|
|
Batting: LHB Conor Barron
|
0-0: Ground out 4-3 (Groundball, 4, EV 100.6 MPH)
|
| Top of the 10th over - 14 runs, 6 hits, 0 errors, 0 left on base; San Diego (APP) 24 - Billings 10 |
| BOTTOM OF THE 10TH |
|
Billings Mustangs batting - Pitching for San Diego (APP) Padres : LHP Ismael Diaz
|
|
Now at 2B: Adrian Cook
|
|
|
Now at 3B: Mike MacLeod
|
|
|
Batting: SHB Kristian Kristensen
|
0-0: Ball 1-0: Ball 2-0: Ball 3-0: Base on Balls
|
|
Batting: LHB Matt Kennedy
|
0-0: Ball Wild Pitch! Kristian Kristensen to second 1-0: Called Strike 1-1: Ball 2-1: Swinging Strike 2-2: Strikes out swinging
|
|
Batting: RHB Sang-ton Pak
|
0-0: Ground out 3-1 (Groundball, 3L, EV 103.8 MPH) Kristian Kristensen to third
|
|
Batting: RHB Yutaka Sato
|
0-0: Called Strike 0-1: Swinging Strike 0-2: Strikes out swinging
|
| Bottom of the 10th over - 0 runs, 0 hits, 0 errors, 1 left on base; San Diego (APP) 24 - Billings 10 |
|